 Dungeon Crawl Stone Soup version 0.30-a0-1008-g30c9307041 (webtiles) character file.

Game seed: 8728325279506919686

1075 testman the Conjurer (level 8, -3/57 HPs)
             Began as a White Draconian Conjurer on Apr 5, 2023.
             Was an Initiate of Gozag.
             Shot with an arrow by a centaur (7 damage)
             ... on level 5 of the Dungeon.
             The game lasted 00:16:07 (5184 turns).

testman the Conjurer (White Draconian Conjurer)     Turns: 5184, Time: 00:16:09

Health: -3/57      AC:  6    Str:  9    XL:     8   Next: 8%
Magic:  15/15      EV: 12    Int: 20    God:    Gozag
Gold:   821        SH:  0    Dex: 11    Spells: 7/17 levels left

rFire   . . .      SeeInvis .    f - +2 triple crossbow (elec)
rCold   + . .      Faith    .    (shield currently unavailable)
rNeg    . . .      Spirit   .    (body armour unavailable)
rPois   .          Reflect  .    (helmet restricted)
rElec   .          Rampage  .    (no cloak)
rCorr   .                        (no gloves)
Will    .....                    (no boots)
Stlth   ++                       (no amulet)
HPRegen 0.29/turn                (no ring)
MPRegen 0.14/turn                (no ring)

@: no status effects
A: breathe frost, AC +6, unfitting armour, cold resistance 1, cold-blooded
a: Breathe Frost, Renounce Religion, Potion Petition, Call Merchant, Bribe
Branch


You were on level 5 of the Dungeon.
You worshipped Gozag.
Gozag was pleased with you.
You visited 1 branch of the dungeon, and saw 5 of its levels.
You also visited: Sewer.

You collected 837 gold pieces.
You paid 16 gold pieces to Gozag.

Inventory:

Hand Weapons
 c - a +0 dagger
 f - a +2 triple crossbow of electrocution (weapon)
 o - a +0 whip of flaming
Jewellery
 r - a ring of fire
 C - a ring of positive energy
Wands
 u - a wand of roots (4)
 w - a wand of flame (11)
Scrolls
 b - a scroll of poison
 e - a scroll of fog {unknown}
 g - 7 scrolls of teleportation
 j - a scroll of enchant armour
 m - a scroll of immolation {unknown}
 p - a scroll of vulnerability {unknown}
 q - a scroll of acquirement {unknown}
 t - 3 scrolls of noise {unknown}
 v - 2 scrolls of fear {unknown}
 y - a scroll of torment {unknown}
 A - a scroll of amnesia {unknown}
 D - a scroll of blinking {unknown}
Potions
 a - a potion of magic
 d - a potion of ambrosia {unknown}
 h - a potion of resistance {unknown}
 i - 2 potions of lignification
 k - 2 potions of mutation {unknown}
 l - 4 potions of flight
 n - 2 potions of berserk rage
 s - 2 potions of brilliance
 x - a potion of heal wounds {unknown}
 z - 2 potions of attraction {unknown}
 B - a potion of curing {unknown}


   Skills:
 - Level 1.7 Dodging
 - Level 1.7 Stealth
 - Level 5.3 Spellcasting
 + Level 6.5 Conjurations
 - Level 5.0 Hexes
 + Level 1.0 Translocations


You had 7 spell levels left.
You knew the following spells:

 Your Spells              Type           Power      Damage    Failure   Level
a - Magic Dart            Conj           100%       1d8       1%          1
b - Searing Ray           Conj           62%        2d6       1%          2
c - Dazzling Flash        Conj/Hex       56%        N/A       3%          3
d - Fulminant Prism       Conj/Hex       14%        3d9       11%         4

Your spell library contained the following spells:

 Spells                   Type           Power      Damage    Failure   Level
 Iskenderun's Mystic Bla  Conj/Tloc      20%        2d6       24%         4
 Vhi's Electric Charge    Tloc/Air       14%        N/A       26%         3
 Arcjolt                  Conj/Air       9%         1d19      63%         5
 Maxwell's Capacitive Co  Air            2%         ∞         100%        8


Dungeon Overview and Level Annotations

Branches:
Dungeon (5/15)              Sewer (visited)
 Temple: D:4-7

Altars:
Gozag
Vehumet


Innate Abilities, Weirdness & Mutations

You can breathe waves of freezing cold which knock back foes.
Your icy white scales are hard. (AC +6)
You cannot fit into any form of body armour.
Your flesh is cold resistant. (rC+)
You are cold-blooded and may be slowed by cold attacks.


Message History

(Press . to maintain the ray.)
The hound bites you but does no damage.
The searing ray hits the hound.
You kill the hound!
Your Translocations skill increases to level 1!
You now have 816 gold pieces (gained 16).
There is an open door here.
You now have 821 gold pieces (gained 5).
You see here a +0 antimagic flail.
You open the door.
Found a leather armour.
As you open the door, it creaks loudly!
There is an open door here.
A centaur comes into view.
You shoot a bolt.
The bolt hits the centaur but does no damage.
The centaur shouts!
The centaur wields a +0 shortbow.
The centaur shoots an arrow.
The arrow closely misses you.
The centaur shoots an arrow.
The arrow hits you.
The centaur shoots an arrow.
The arrow completely misses you.
You shoot a bolt. The bolt barely misses the centaur.
The centaur shoots an arrow.
The arrow hits you!
The centaur shoots an arrow.
The arrow closely misses you.
The centaur shoots an arrow.
The arrow hits you!
You shoot a bolt. The bolt hits the centaur!
The centaur is heavily wounded.
The centaur shoots an arrow.
The arrow hits you.
The centaur shoots an arrow.
The arrow hits you!
The centaur shoots an arrow.
The arrow hits you.
You are too injured to fight recklessly!
Fire: f) +2 triple crossbow (elec)
Press: ? - help, Q - select action, (/) - cycle Shift-Dir - straight line, f/p - centaur
Aim: a centaur, wielding a +0 shortbow (heavily wounded, 64% to hit)
You shoot a bolt. The bolt barely misses the centaur.
The centaur shoots an arrow.
The arrow hits you!
The centaur shoots an arrow.
The arrow hits you.
* * * LOW HITPOINT WARNING * * *
The centaur shoots an arrow.
The arrow hits you!
* * * LOW HITPOINT WARNING * * *
The centaur shoots an arrow.
The arrow hits you!
You die...
Your body crumbles into a pile of gold.

#..........# #
............# ####
###....)....######...
#................##
#.........#########
##....>....# #...
≈####..........# #.#.
.c$.P..........######.#.
#..@..........##....
##.......[..........
##.................
##................
######...........
##.......... ##...##...#
##########


You could see a centaur.

Vanquished Creatures
  3 ogres
  2 scorpions
  A howler monkey (D:3)
  3 hounds (D:5)
  2 jellies
  Natasha (twice) (D:3)
  A sleepcap (D:5)
  3 iguanas
  An orc wizard (D:4)
  A sickly merfolk siren (Sewer)
  A malarious merfolk avatar (Sewer)
  A statue (D:4)
  5 gnolls (D:5)
  8 adders
  2 river rats (Sewer)
  An ufetubus (D:5)
  3 worms
  8 dart slugs
  8 orcs
  12 bats
  3 endoplasms
  6 giant cockroaches
  6 goblins
  3 hobgoblins
  2 jackals (D:1)
  5 kobolds
  5 quokkas
  9 ball pythons
  5 frilled lizards
  26 rats
138 creatures vanquished.

Notes
Turn   | Place    | Note
-------+----------+-------------------------------------------
     0 | D:1      | testman the Draconian Conjurer began the quest for the Orb.
     0 | D:1      | Reached XP level 1. HP: 14/14 MP: 3/3
   261 | D:1      | Reached XP level 2. HP: 19/20 MP: 3/5
   271 | D:1      | Learned a level 2 spell: Searing Ray
   860 | D:1      | Reached skill level 5 in Conjurations
   862 | D:1      | Reached XP level 3. HP: 26/26 MP: 6/6
  1461 | D:2      | Reached skill level 1 in Hexes
  1775 | D:2      | Found an opulent altar of Gozag.
  1794 | D:2      | Became a worshipper of Gozag Ym Sagoz the Greedy
  1806 | D:2      | Reached XP level 4. HP: 33/33 MP: 4/7
  1810 | D:2      | Learned a level 3 spell: Dazzling Flash
  2063 | D:3      | Found a faded altar of an unknown god.
  2304 | D:3      | Noticed Natasha
  2305 | D:3      | Killed Natasha
  2374 | D:3      | Reached XP level 5. HP: 38/38 MP: 2/9
  2560 | D:3      | Noticed Natasha
  2564 | D:3      | Killed Natasha
  3102 | D:4      | Reached XP level 6. HP: 45/45 MP: 11/11
  3134 | D:4      | Found a glowing drain.
  3216 | Sewer    | Entered a sewer
  3458 | Sewer    | Learned a level 4 spell: Fulminant Prism
  3957 | D:4      | Your scales start taking on an icy white colour.
  3957 | D:4      | Reached XP level 7. HP: 50/50 MP: 13/13
  3957 | D:4      | Gained mutation: Your flesh is cold resistant. (rC+) [White
                  | Draconian growth]
  4196 | D:4      | Found a radiant altar of Vehumet.
  4339 | D:5      | Entered Level 5 of the Dungeon
  4721 | D:5      | Reached skill level 5 in Spellcasting
  4721 | D:5      | Reached skill level 6 in Conjurations
  4721 | D:5      | Reached skill level 5 in Hexes
  4986 | D:5      | Reached XP level 8. HP: 52/57 MP: 11/15
  5071 | D:5      | Reached skill level 1 in Translocations
  5184 | D:5      | Shot with an arrow by a centaur

Illustrated notes

Levels and vault maps discovered:
D:1:      dpeg_arrival_stonehenge_8_columns, layout_loops_corners,
          minmay_distorted
D:2:      layout_basic, basic_altar
D:3:      layout_basic, shapermc_ecumenical_altar_starsandcircs,
          kennysheep_generic_room_15, uniq_natasha
D:4:      layout_gridville, vehumet_statue, gup_sewer_entry_glass,
          dk_noncrumbling_2
D:5:      layout_rooms, kb_lookout_dungeons_type, grunt_ministairs_6,
          cheibrodos_gnoll_hut

Skill      XL: |  1  2  3  4  5  6  7  8 |
---------------+-------------------------+-----
Conjurations   | 5 6 |  6.5
Hexes          | 2 3 4 5 |  5.0
Spellcasting   | 3 4 5 |  5.3
Translocations | 1 |  1.0
Dodging        | |  1.7
Stealth        | |  1.7

Action                     |  1- 3 |  4- 6 |  7- 9 || total
---------------------------+-------+-------+-------++-------
  Melee: Unarmed           |    26 |       |       ||    26
         Tailslap          |     4 |       |       ||     4
         Dagger            |    14 |       |       ||    14
         Punch             |     1 |       |       ||     1
   Fire: Triple crossbow   |    29 |    90 |    41 ||   160
   Cast: Magic Dart        |    26 |       |       ||    26
         Searing Ray       |     7 |    24 |    11 ||    42
    Use: Scroll            |       |     7 |     1 ||     8
   Stab: Sleeping          |     3 |       |       ||     3
 Armour: Skin              |    17 |    19 |    16 ||    52
  Dodge: Dodged            |    36 |    27 |    38 ||   101

Table legend: (Time is in decaauts)
 A = Elapsed time spent in this place.
 B = Non-inter-level travel time spent in this place.
 C = Inter-level travel time spent in this place.
 D = Time resting spent in this place.
 E = Time spent auto-exploring this place.
 F = Levels seen in this place.
 G = Mean time per level.
                   A        B        C        D        E       F      G
               +--------+--------+--------+--------+--------+-----+--------+
         Total |   5442 |   5333 |    109 |     96 |   4289 |   6 |  907.0 |
       Dungeon |   4697 |   4588 |    109 |     96 |   3777 |   5 |  939.4 |
         Sewer |    744 |    744 |      0 |      0 |    512 |   1 |  744.0 |
               +--------+--------+--------+--------+--------+-----+--------+

Top non-repeatable levels by time:
     D:1: 1299 daAuts
     D:3: 1126 daAuts
     D:5: 886 daAuts
   Sewer: 744 daAuts
     D:2: 735 daAuts
     D:4: 649 daAuts
